| TOP OF THE 1ST |
|
Tri-City ValleyCats batting - Pitching for Aberdeen Ironbirds : LHP Ryan Watkins
|
|
Pitching: LHP Ryan Watkins
|
|
|
Batting: RHB Omar Amaya
|
0-0: Ball 1-0: Ball 2-0: Ball 3-0: Base on Balls
|
|
Batting: RHB Drew Coleman
|
0-0: Ball Omar Amaya steals 2nd, throwing error, E2 Omar Amaya to third 1-0: Foul Ball, location: 2F 1-1: Swinging Strike 1-2: Ball 2-2: Ball 3-2: Foul Ball, location: 2F 3-2: Strikes out swinging
|
|
Batting: RHB Erik Smith
|
0-0: Called Strike 0-1: Ball 1-1: Foul Ball, location: 2F 1-2: Foul Ball, location: 2F 1-2: Ball 2-2: Ball 3-2: Base on Balls
|
|
Batting: RHB Steve Moore
|
0-0: Ball 1-0: Ball 2-0: Ball 3-0: Called Strike 3-1: Foul Ball, location: 2F 3-2: Foul Ball, location: 2F 3-2: Base on Balls Erik Smith to second
|
|
Batting: LHB Aldo Kok
|
0-0: Ball 1-0: Ball 2-0: Ball 3-0: Called Strike 3-1: Swinging Strike 3-2: Foul Ball, location: 2F 3-2: Base on Balls Omar Amaya scores Erik Smith to third Steve Moore to second
|
|
Batting: RHB Juan Mendoza
|
0-0: Ball 1-0: Called Strike 1-1: Ball 2-1: Ball 3-1: Foul Ball, location: 2F 3-2: Base on Balls Erik Smith scores Steve Moore to third Aldo Kok to second
|
|
Batting: RHB Yoshitoshi Mori
|
0-0: Foul Ball, location: 2F 0-1: Foul Ball, location: 2F 0-2: Strikes out swinging
|
|
Batting: RHB J.R. Roberts
|
0-0: Foul Ball, location: 2F 0-1: Fielders Choice at 2nd, U4 (Groundball, 4M, EV 87.5 MPH)
|
| Top of the 1st over - 2 runs, 0 hits, 1 error, 3 left on base; Tri-City 2 - Aberdeen 0 |
| BOTTOM OF THE 1ST |
|
Aberdeen Ironbirds batting - Pitching for Tri-City ValleyCats : RHP Tony Barrios
|
|
Pitching: RHP Tony Barrios
|
|
|
Batting: RHB Kevin Popowicz
|
0-0: Ball 1-0: Fly out, F2 (Popup, 23F, EV 88.8 MPH)
|
|
Batting: RHB Maup Gommers
|
0-0: Ball 1-0: Ball 2-0: Ball 3-0: Base on Balls
|
|
Batting: LHB Sam Williams
|
0-0: Foul Ball, location: 2F 0-1: Ball 1-1: Foul Ball, location: 2F 1-2: SINGLE (Groundball, 34D, EV 98.8 MPH) Maup Gommers to second Runner from 2nd tries for 3rd, SAFE, throw by RF made to third
|
|
Batting: LHB Pat Fontana
|
0-0: Ball Passed Ball! Maup Gommers scores Sam Williams to second 1-0: Ground out 4-3 (Groundball, 4, EV 103.8 MPH) Sam Williams to third
|
|
Batting: LHB Vinny Rivera
|
0-0: Ball 1-0: Called Strike 1-1: Ball 2-1: Ball 3-1: Base on Balls
|
|
Batting: RHB Carlos Teniente
|
0-0: Called Strike 0-1: Foul Ball, location: 2F 0-2: SINGLE (Line Drive, 3D, EV 104.4 MPH) Sam Williams scores Vinny Rivera to second
|
|
Batting: LHB Jeremy Nuzzo
|
0-0: Called Strike 0-1: Ball 1-1: Ball 2-1: SINGLE (Line Drive, 5D, EV 98.1 MPH) Vinny Rivera to third Carlos Teniente to second Runner from 3rd tries for Home, SAFE, throw by LF to home
|
|
Batting: RHB Matt Berrier
|
0-0: Ball 1-0: Foul Ball, location: 2F 1-1: Ball 2-1: Fielders Choice at 2nd, 6-4 (Groundball, 6, EV 90.0 MPH)
|
| Bottom of the 1st over - 3 runs, 3 hits, 0 errors, 2 left on base; Tri-City 2 - Aberdeen 3 |
| TOP OF THE 2ND |
|
Tri-City ValleyCats batting - Pitching for Aberdeen Ironbirds : LHP Ryan Watkins
|
|
Batting: RHB To-wai Chen
|
0-0: Called Strike 0-1: Swinging Strike 0-2: Ball 1-2: Foul Ball, location: 2F 1-2: Strikes out swinging
|
|
Batting: RHB Omar Amaya
|
0-0: Ball 1-0: Foul Ball, location: 2F 1-1: Foul Ball, location: 2F 1-2: Strikes out looking
|
|
Batting: RHB Drew Coleman
|
0-0: Swinging Strike 0-1: Ball 1-1: Ground out 6-3 (Groundball, 6, EV 78.8 MPH)
|
| Top of the 2nd over - 0 runs, 0 hits, 0 errors, 0 left on base; Tri-City 2 - Aberdeen 3 |
| BOTTOM OF THE 2ND |
|
Aberdeen Ironbirds batting - Pitching for Tri-City ValleyCats : RHP Tony Barrios
|
|
Batting: RHB Juan Eyrich
|
0-0: Ball 1-0: Bunt missed! 1-1: Reached via error on a dropped throw from 2B, E3 (Groundball, 4S, EV 81.9 MPH)
|
|
Batting: RHB Kevin Popowicz
|
0-0: Ball 1-0: Ball 2-0: Called Strike 2-1: Ball 3-1: Base on Balls Juan Eyrich to second
|
|
Batting: RHB Maup Gommers
|
0-0: DOUBLE (Groundball, 5L, EV 106.9 MPH) Juan Eyrich scores Kevin Popowicz to third
|
|
Batting: LHB Sam Williams
|
0-0: Ball 1-0: Fly out, F8 (Flyball, 8RM, EV 95.6 MPH)
|
|
Batting: LHB Pat Fontana
|
0-0: Ball 1-0: Ball 2-0: Ball Wild Pitch! Kevin Popowicz scores Maup Gommers to third 3-0: Base on Balls
|
|
Pitching: LHP Joey Callanta
|
|
|
Batting: LHB Vinny Rivera
|
0-0: Called Strike 0-1: Ball 1-1: Foul Ball, location: 2F 1-2: Ball 2-2: Ball 3-2: Grounds into double play, 5-4-3 (Groundball, 56S, EV 86.9 MPH)
|
| Bottom of the 2nd over - 2 runs, 1 hit, 1 error, 1 left on base; Tri-City 2 - Aberdeen 5 |
| TOP OF THE 3RD |
|
Tri-City ValleyCats batting - Pitching for Aberdeen Ironbirds : LHP Ryan Watkins
|
|
Batting: RHB Erik Smith
|
0-0: Ground out 6-3 (Groundball, 56, EV 108.8 MPH)
|
|
Batting: RHB Steve Moore
|
0-0: Ball 1-0: Ball 2-0: Called Strike 2-1: Called Strike 2-2: Ball 3-2: Ground out 5-3 (Groundball, 56S, EV 93.8 MPH)
|
|
Batting: LHB Aldo Kok
|
0-0: Ground out 6-3 (Groundball, 6, EV 86.9 MPH)
|
| Top of the 3rd over - 0 runs, 0 hits, 0 errors, 0 left on base; Tri-City 2 - Aberdeen 5 |
| BOTTOM OF THE 3RD |
|
Aberdeen Ironbirds batting - Pitching for Tri-City ValleyCats : LHP Joey Callanta
|
|
Batting: RHB Carlos Teniente
|
0-0: Ball 1-0: Called Strike 1-1: Called Strike 1-2: Ground out 5-3 (Groundball, 56S, EV 84.4 MPH)
|
|
Batting: LHB Jeremy Nuzzo
|
0-0: Ball 1-0: Ball 2-0: Called Strike 2-1: Called Strike 2-2: Ball 3-2: Foul Ball, location: 2F 3-2: Reached on error, E1 (Groundball, 13S, EV 63.1 MPH)
|
|
Batting: RHB Matt Berrier
|
0-0: Ball 1-0: Ball 2-0: Swinging Strike 2-1: Fly out, F7 (Line Drive, 7, EV 83.1 MPH)
|
|
Batting: RHB Juan Eyrich
|
0-0: Called Strike 0-1: Foul Ball, location: 2F 0-2: Ball 1-2: Ground out 5-3 (Groundball, 5, EV 88.8 MPH)
|
| Bottom of the 3rd over - 0 runs, 0 hits, 1 error, 1 left on base; Tri-City 2 - Aberdeen 5 |
| TOP OF THE 4TH |
|
Tri-City ValleyCats batting - Pitching for Aberdeen Ironbirds : LHP Ryan Watkins
|
|
Batting: RHB Juan Mendoza
|
0-0: Ground out 6-3 (Groundball, 6, EV 78.1 MPH)
|
|
Batting: RHB Yoshitoshi Mori
|
0-0: Called Strike 0-1: Called Strike 0-2: Ball 1-2: Foul Ball, location: 2F 1-2: Foul Ball, location: 2F 1-2: SINGLE (Flyball, 89S, EV 94.4 MPH)
|
|
Batting: RHB J.R. Roberts
|
0-0: Ball 1-0: Ball 2-0: Ball 3-0: Called Strike 3-1: Called Strike 3-2: Strikes out swinging
|
|
Batting: RHB To-wai Chen
|
0-0: Ground out 4-3 (Groundball, 4, EV 103.1 MPH)
|
| Top of the 4th over - 0 runs, 1 hit, 0 errors, 1 left on base; Tri-City 2 - Aberdeen 5 |
| BOTTOM OF THE 4TH |
|
Aberdeen Ironbirds batting - Pitching for Tri-City ValleyCats : LHP Joey Callanta
|
|
Batting: RHB Kevin Popowicz
|
0-0: Ball 1-0: Ball 2-0: Ball 3-0: Foul Ball, location: 2F 3-1: Base on Balls
|
|
Batting: RHB Maup Gommers
|
0-0: Ball Kevin Popowicz steals 2nd base 1-0: Ball 2-0: Ball 3-0: Called Strike 3-1: Base on Balls
|
|
Batting: LHB Sam Williams
|
0-0: Ball 1-0: Foul Ball, location: 2F 1-1: Ball 2-1: Foul Ball, location: 2F 2-2: Ball 3-2: Base on Balls Kevin Popowicz to third Maup Gommers to second
|
|
Pitching: RHP Addick Huiberts
|
|
|
Batting: LHB Pat Fontana
|
0-0: Ball 1-0: Foul Ball, location: 2F 1-1: Called Strike 1-2: Strikes out swinging
|
|
Batting: LHB Vinny Rivera
|
0-0: Called Strike 0-1: SINGLE (Line Drive, 56, EV 101.2 MPH) Kevin Popowicz scores Maup Gommers to third Sam Williams to second
|
|
Batting: RHB Carlos Teniente
|
0-0: SINGLE (Line Drive, 4MD, EV 104.4 MPH) Maup Gommers scores Sam Williams to third Vinny Rivera to second
|
|
Batting: LHB Jeremy Nuzzo
|
0-0: Called Strike 0-1: Ball 1-1: Ball 2-1: Ball 3-1: Base on Balls Sam Williams scores Vinny Rivera to third Carlos Teniente to second
|
|
Batting: RHB Matt Berrier
|
0-0: Ball 1-0: Ball 2-0: Ball 3-0: Called Strike 3-1: SINGLE (Line Drive, 89M, EV 100.6 MPH) Vinny Rivera scores Carlos Teniente to third Jeremy Nuzzo to second
|
|
Batting: RHB Juan Eyrich
|
0-0: Called Strike 0-1: Fielders Choice at 2nd, 6-4 (Groundball, 56, EV 105.0 MPH) Carlos Teniente scores Jeremy Nuzzo to third
|
|
Batting: RHB Kevin Popowicz
|
0-0: Ball 1-0: Ball 2-0: Ball Wild Pitch! Jeremy Nuzzo scores Juan Eyrich to second 3-0: Base on Balls
|
|
Batting: RHB Maup Gommers
|
0-0: Called Strike 0-1: Ball 1-1: Called Strike 1-2: Strikes out swinging
|
| Bottom of the 4th over - 6 runs, 3 hits, 0 errors, 2 left on base; Tri-City 2 - Aberdeen 11 |
| TOP OF THE 5TH |
|
Tri-City ValleyCats batting - Pitching for Aberdeen Ironbirds : LHP Ryan Watkins
|
|
Batting: RHB Omar Amaya
|
0-0: Ball 1-0: Called Strike 1-1: Foul Ball, location: 2F 1-2: Ball 2-2: Ball 3-2: Base on Balls
|
|
Batting: RHB Drew Coleman
|
0-0: Ball Omar Amaya steals 2nd base 1-0: Ground out 4-3 (Groundball, 4MD, EV 100.0 MPH) Omar Amaya to third
|
|
Batting: RHB Erik Smith
|
0-0: Called Strike 0-1: Swinging Strike 0-2: Ball Wild Pitch! Omar Amaya scores 1-2: Ball 2-2: Strikes out swinging
|
|
Batting: RHB Steve Moore
|
0-0: Ball 1-0: Swinging Strike 1-1: Ball 2-1: Ball 3-1: Foul Ball, location: 2F 3-2: Ground out 6-3 (Groundball, 6, EV 83.1 MPH)
|
| Top of the 5th over - 1 run, 0 hits, 0 errors, 0 left on base; Tri-City 3 - Aberdeen 11 |
| BOTTOM OF THE 5TH |
|
Aberdeen Ironbirds batting - Pitching for Tri-City ValleyCats : RHP Addick Huiberts
|
|
Batting: LHB Sam Williams
|
0-0: Ball 1-0: DOUBLE (Line Drive, 78D, EV 114.4 MPH)
|
|
Batting: LHB Pat Fontana
|
0-0: Swinging Strike 0-1: Called Strike 0-2: Ball 1-2: Ball 2-2: Foul Ball, location: 2F 2-2: Ball 3-2: Strikes out swinging
|
|
Batting: LHB Vinny Rivera
|
0-0: Ball Passed Ball! Sam Williams to third 1-0: Foul Ball, location: 2F 1-1: Fly out, F7 (Flyball, 7, EV 91.2 MPH)
|
|
Pitching: LHP Ruben Rojas
|
|
|
Batting: RHB Carlos Teniente
|
0-0: Ball 1-0: Ball 2-0: Foul Ball, location: 2F 2-1: Foul Ball, location: 2F 2-2: Ball 3-2: Base on Balls
|
|
Batting: LHB Jeremy Nuzzo
|
0-0: Called Strike 0-1: Swinging Strike 0-2: Ground out U3 (Groundball, 3L, EV 108.8 MPH)
|
| Bottom of the 5th over - 0 runs, 1 hit, 0 errors, 2 left on base; Tri-City 3 - Aberdeen 11 |
| TOP OF THE 6TH |
|
Tri-City ValleyCats batting - Pitching for Aberdeen Ironbirds : LHP Ryan Watkins
|
|
Batting: LHB Aldo Kok
|
0-0: Called Strike 0-1: Called Strike 0-2: Foul Ball, location: 2F 0-2: Foul Ball, location: 2F 0-2: Strikes out looking
|
|
Pitching: RHP Dou-guan Ti
|
|
|
Batting: RHB Juan Mendoza
|
0-0: Ground out 5-3 (Groundball, 56S, EV 88.8 MPH)
|
|
Batting: RHB Yoshitoshi Mori
|
0-0: Called Strike 0-1: SINGLE (Groundball, 6MD, EV 96.9 MPH)
|
|
Batting: RHB J.R. Roberts
|
0-0: Ball 1-0: Ball 2-0: DOUBLE (Line Drive, 9LS, EV 107.5 MPH) Yoshitoshi Mori to third
|
|
Batting: RHB To-wai Chen
|
0-0: Ground out 5-3 (Groundball, 56, EV 84.4 MPH)
|
| Top of the 6th over - 0 runs, 2 hits, 0 errors, 2 left on base; Tri-City 3 - Aberdeen 11 |
| BOTTOM OF THE 6TH |
|
Aberdeen Ironbirds batting - Pitching for Tri-City ValleyCats : LHP Ruben Rojas
|
|
Batting: RHB Matt Berrier
|
0-0: Ball 1-0: Ball 2-0: Ball 3-0: Base on Balls
|
|
Batting: RHB Juan Eyrich
|
0-0: Called Strike 0-1: Foul Ball, location: 2F 0-2: Foul Ball, location: 2F 0-2: Strikes out swinging
|
|
Batting: RHB Kevin Popowicz
|
0-0: Ball 1-0: Fielders Choice at 2nd, 6-4 (Groundball, 6, EV 102.5 MPH)
|
|
Batting: RHB Maup Gommers
|
0-0: Foul Ball, location: 2F 0-1: Ball 1-1: Ball 2-1: Called Strike 2-2: Foul Ball, location: 2F 2-2: Foul Ball, location: 2F 2-2: Strikes out swinging
|
| Bottom of the 6th over - 0 runs, 0 hits, 0 errors, 1 left on base; Tri-City 3 - Aberdeen 11 |
| TOP OF THE 7TH |
|
Tri-City ValleyCats batting - Pitching for Aberdeen Ironbirds : RHP Dou-guan Ti
|
|
Batting: RHB Omar Amaya
|
0-0: Called Strike 0-1: Ball 1-1: SINGLE (Line Drive, 7S, EV 103.1 MPH)
|
|
Pinch Hitting: RHB Gabe Allen
|
0-0: Ball 1-0: SINGLE (Groundball, 6MD, EV 100.0 MPH) Omar Amaya to second
|
|
Batting: RHB Erik Smith
|
0-0: Ball 1-0: Foul Ball, location: 2F 1-1: Foul Ball, location: 2F 1-2: Strikes out swinging
|
|
Pinch Hitting: LHB Tomas de Zeeuw
|
0-0: Called Strike Omar Amaya steals 3rd base 0-1: Ball 1-1: Ball 2-1: Fielders Choice at 2nd, 4-6 (Groundball, 4, EV 90.6 MPH) Omar Amaya scores
|
|
Pinch Hitting: RHB Luis Hinostroza
|
0-0: Ball Tomas de Zeeuw steals 2nd base (no throw) 1-0: Called Strike 1-1: Foul Ball, location: 2F 1-2: Strikes out swinging
|
| Top of the 7th over - 1 run, 2 hits, 0 errors, 1 left on base; Tri-City 4 - Aberdeen 11 |
| BOTTOM OF THE 7TH |
|
Aberdeen Ironbirds batting - Pitching for Tri-City ValleyCats : LHP Ruben Rojas
|
|
Pitching: RHP Ryan Hoagland
|
|
|
Now at 2B: Kieron Clark
|
|
|
Now at 3B: Gabe Allen
|
|
|
Now at SS: To-wai Chen
|
|
|
Now in LF: Tomas de Zeeuw
|
|
|
Batting: LHB Sam Williams
|
0-0: Ball 1-0: Ball 2-0: Called Strike 2-1: Foul Ball, location: 2F 2-2: Ball 3-2: Base on Balls
|
|
Batting: LHB Pat Fontana
|
0-0: Ball 1-0: Foul Ball, location: 2F 1-1: Ball 2-1: Foul Ball, location: 2F 2-2: Ground out 5-3 (Groundball, 56, EV 87.5 MPH) Sam Williams to second
|
|
Batting: LHB Vinny Rivera
|
0-0: Called Strike 0-1: Foul Ball, location: 2F 0-2: Ball 1-2: Strikes out swinging
|
|
Batting: RHB Carlos Teniente
|
0-0: DOUBLE (Line Drive, 8LD, EV 104.4 MPH) Sam Williams scores
|
|
Batting: LHB Jeremy Nuzzo
|
0-0: Foul Ball, location: 2F 0-1: Ball 1-1: Ball 2-1: Ground out U3 (Groundball, 34, EV 92.5 MPH)
|
| Bottom of the 7th over - 1 run, 1 hit, 0 errors, 1 left on base; Tri-City 4 - Aberdeen 12 |
| TOP OF THE 8TH |
|
Tri-City ValleyCats batting - Pitching for Aberdeen Ironbirds : RHP Dou-guan Ti
|
|
Batting: RHB Juan Mendoza
|
0-0: Swinging Strike 0-1: Called Strike 0-2: Strikes out swinging
|
|
Batting: RHB Yoshitoshi Mori
|
0-0: Foul Ball, location: 2F 0-1: Swinging Strike 0-2: Strikes out swinging
|
|
Batting: RHB J.R. Roberts
|
0-0: Hit by Pitch
|
|
Batting: RHB To-wai Chen
|
0-0: Ground out 4-3 (Groundball, 34, EV 86.9 MPH)
|
| Top of the 8th over - 0 runs, 0 hits, 0 errors, 1 left on base; Tri-City 4 - Aberdeen 12 |
| BOTTOM OF THE 8TH |
|
Aberdeen Ironbirds batting - Pitching for Tri-City ValleyCats : RHP Ryan Hoagland
|
|
Pitching: RHP Robin Yelland
|
|
|
Batting: RHB Matt Berrier
|
0-0: SINGLE (Flyball, 89S, EV 98.8 MPH)
|
|
Batting: RHB Juan Eyrich
|
0-0: Called Strike Matt Berrier steals 2nd base 0-1: SINGLE (Groundball, 4MD, EV 106.9 MPH) Matt Berrier to third Runner from 3rd tries for Home, throw by CF and OUT! 8-2 Juan Eyrich to second
|
|
Pinch Hitting: RHB Jason Burke
|
0-0: Foul Ball, location: 2F 0-1: Ball 1-1: Ground out 6-3 (Groundball, 6, EV 86.2 MPH) Juan Eyrich to third
|
|
Batting: RHB Maup Gommers
|
0-0: Ball 1-0: Called Strike 1-1: Ball 2-1: SINGLE (Line Drive, 9S, EV 91.9 MPH) Juan Eyrich scores
|
|
Batting: LHB Sam Williams
|
0-0: Called Strike 0-1: Swinging Strike 0-2: Foul Ball, location: 2F 0-2: Ball 1-2: Hit by Pitch Maup Gommers to second
|
|
Batting: LHB Pat Fontana
|
0-0: Ball 1-0: Foul Ball, location: 2F 1-1: SINGLE (Line Drive, 34, EV 100.0 MPH) Maup Gommers to third Sam Williams to second
|
|
Batting: LHB Vinny Rivera
|
0-0: Ball 1-0: Foul Ball, location: 2F 1-1: Foul Ball, location: 2F 1-2: Foul Ball, location: 2F 1-2: SINGLE (Groundball, 4S, EV 65.0 MPH) (infield hit) Maup Gommers scores Sam Williams to third Pat Fontana to second
|
|
Pitching: LHP Jason Mitchell
|
|
|
Batting: RHB Carlos Teniente
|
0-0: Ball 1-0: Swinging Strike 1-1: Ball 2-1: Swinging Strike 2-2: Foul Ball, location: 2F 2-2: Strikes out swinging
|
| Bottom of the 8th over - 2 runs, 5 hits, 0 errors, 3 left on base; Tri-City 4 - Aberdeen 14 |
| TOP OF THE 9TH |
|
Tri-City ValleyCats batting - Pitching for Aberdeen Ironbirds : RHP Dou-guan Ti
|
|
Now at 2B: Jason Burke
|
|
|
Batting: RHB Omar Amaya
|
0-0: Swinging Strike 0-1: Swinging Strike 0-2: Foul Ball, location: 2F 0-2: Strikes out looking
|
|
Pinch Hitting: LHB Bruce Arvizu
|
0-0: Ball 1-0: Called Strike 1-1: Ball 2-1: Called Strike 2-2: SINGLE (Groundball, 34S, EV 70.6 MPH) (infield hit)
|
|
Batting: RHB Erik Smith
|
0-0: Swinging Strike 0-1: Ball 1-1: Called Strike 1-2: Foul Ball, location: 2F 1-2: Strikes out looking
|
|
Pitching: RHP Art Boulter
|
|
|
Batting: LHB Tomas de Zeeuw
|
0-0: Called Strike 0-1: Called Strike 0-2: Ball 1-2: Fielders Choice at 2nd, 6-4 (Groundball, 6, EV 84.4 MPH)
|
| Top of the 9th over - 0 runs, 1 hit, 0 errors, 1 left on base; Tri-City 4 - Aberdeen 14 |
|